 Dungeon Crawl Stone Soup version 0.30-a0-808-g6e0788376e (webtiles) character file.

Game seed: 12486578921874372146

653 bande the Chopper (level 7, -10/43 HPs)
             Began as a Gargoyle Fighter on Feb 26, 2023.
             Killed by divine providence
             ... invoked by an orc priest
              (15 damage)
             ... on level 5 of the Dungeon.
             The game lasted 00:05:35 (3406 turns).

bande the Chopper (Gargoyle Fighter)                Turns: 3406, Time: 00:05:35

Health: -10/43     AC:  7    Str: 20    XL:     7   Next: 54%
Magic:  7/7        EV:  7    Int:  8    God:
Gold:   194        SH:  5    Dex: 11    Spells: 6/6 levels left

rFire   . . .      SeeInvis .    a - +0 war axe
rCold   . . .      Faith    .    c - +0 buckler
rNeg    + . .      Spirit   .    j - +0 chain mail
rPois   ∞          Reflect  .    (no helmet)
rElec   +          Harm     .    (no cloak)
rCorr   .          Rampage  .    f - +0 pair of gloves
Will    .....                    (no boots) Stlth
                                 (no amulet)
HPRegen 0.27/turn                (no ring)
MPRegen 0.10/turn                (no ring)

@: corroded
A: sickness immunity, AC +4, negative energy resistance 1, electricity
resistance, torment resistance 1, petrification resistance
a: no special abilities


You were on level 5 of the Dungeon.
You visited 1 branch of the dungeon, and saw 5 of its levels.

You collected 194 gold pieces.

Inventory:

Hand Weapons
 a - a +0 war axe (weapon)
 m - a +0 war axe
 p - the +11 mace of Intuition {venom, Drain rC- Will+++ Int+6}
   (You took it off a goblin on level 3 of the Dungeon)

   Int:       It affects your intelligence (+6).
   rC:        It makes you vulnerable to cold.
   Drain:     It drains your maximum health when unequipped.
   Will:      It greatly increases your willpower.
Armour
 c - a +0 buckler (worn)
 f - a +0 pair of gloves (worn)
 j - a +0 chain mail (worn)
Jewellery
 i - a ring of magical power
 o - a ring of fire
Wands
 h - a wand of light (5)
Scrolls
 k - a scroll of identify
 n - 2 scrolls of amnesia
Potions
 b - a potion of haste {unknown}
 d - 4 potions of might
 e - a potion of curing {unknown}
 g - a potion of brilliance {unknown}
 l - a potion of invisibility {unknown}
 r - a potion of heal wounds {unknown}


   Skills:
 + Level 4.3 Fighting
 + Level 5.6 Axes
 + Level 5.1 Armour
 + Level 0.7 Stealth
 + Level 4.4 Shields


You had 6 spell levels left.
You didn't know any spells.
Your spell library contained the following spells:

 Spells                   Type           Power      Damage    Failure   Level
 Summon Small Mammal      Summ           0%         N/A       99%         1
 Blink                    Tloc           0%         N/A       100%        2
 Lesser Beckoning         Tloc           0%         N/A       100%        2
 Momentum Strike          Conj/Tloc      0%         3d8       100%        2
 Call Canine Familiar     Summ           0%         N/A       100%        3
 Summon Guardian Golem    Hex/Summ       0%         N/A       100%        3


Dungeon Overview and Level Annotations

Branches:
Dungeon (5/15)             Temple (0/1) D:4

Altars:
Cheibriados
Gozag
Makhleb
Nemelex Xobeh
Yredelemnul
The Shining One

Shops:
D:4 [

Annotations:
D:3 2 transporters


Innate Abilities, Weirdness & Mutations

You are immune to sickness and miasma.
Your stone body is resilient. (AC +4)
You are immune to poison.
You resist negative energy. (rN+)
You are resistant to electric shocks. (rElec)
You are resistant to unholy torment.
You are immune to petrification.


Message History

The orc hits you but does no damage.
Your Armour skill increases to level 5!
The orc hits you with a +0 trident. The orc hits you but does no damage.
You closely miss the orc priest. You slash the orc!
You kill the orc!
You hit the orc.
The orc priest calls down the wrath of Beogh upon you.
Beogh smites you! The orc hits you but does no damage.
You hit the orc.
The orc is heavily wounded.
You hit the orc priest. You hit the jelly but do no damage.
The acid corrodes you!
Your hands burn!
The orc priest mumbles some strange prayers to Beogh against you.
Pain shoots through your body!
The orc priest invokes the aid of Beogh against you.
Beogh smites you!
* * * LOW HITPOINT WARNING * * *
The jelly hits you but does no damage. The orc hits you but does no damage.
The jelly hits you but does no damage.
The orc priest hits you but does no damage.
The orc hits you with a +0 hand axe of holy wrath.
* * * LOW HITPOINT WARNING * * *
You are too injured to fight recklessly!
You are too injured to fight recklessly!
You are too injured to fight recklessly!
You are too injured to fight recklessly!
You are too injured to fight recklessly!
You are too injured to fight recklessly!
You are too injured to fight recklessly!
You are too injured to fight recklessly!
You are too injured to fight recklessly!
Unknown command.
You barely miss the orc priest.
The orc priest is lightly wounded.
You hit the jelly. The acid corrodes you!
Your hands burn!
* * * LOW HITPOINT WARNING * * *
You barely miss the orc.
The orc priest invokes the aid of Beogh against you.
Beogh smites you!
You die...

#. .# #.###.####
##.#.......
####........##
............#
#...o....#
#...oJ...#
#.†@o...##
######.........#
..............##
#######.#####.#
#..## .. #.#.##
#
###.###.#####.##
..# ##........
#.#.###..#?##.##


You could see a jelly, 2 orc priests and an orc.

Vanquished Creatures
  Grinder (D:3)
  An ogre (D:4)
  2 howler monkeys
  2 orc priests (D:4)
  A hound (D:5)
  A jelly (D:4)
  An orc wizard (D:3)
  4 gnolls (D:4)
  3 adders
  A worm (D:4)
  2 dart slugs
  8 orcs
  7 endoplasms
  6 giant cockroaches
  8 goblins
  13 hobgoblins
  4 quokkas
  9 ball pythons
  4 bats
  4 kobolds
  4 rats
86 creatures vanquished.

Vanquished Creatures (others)
  3 plants (D:4)
3 creatures vanquished.

Grand Total: 89 creatures vanquished

Notes
Turn   | Place    | Note
-------+----------+-------------------------------------------
     0 | D:1      | bande the Gargoyle Fighter began the quest for the Orb.
     0 | D:1      | Reached XP level 1. HP: 14/14 MP: 1/1
   264 | D:1      | Reached XP level 2. HP: 17/19 MP: 2/2
   477 | D:1      | Reached XP level 3. HP: 23/23 MP: 3/3
  1143 | D:2      | Identified the +1 leather armour of Curiosity {rN++ Will+}
  1217 | D:2      | Identified the +1 robe "Fufonlun" {-Tele rCorr Stlth-
                  | Archmagi}
  1696 | D:3      | Found a sparkling altar of Nemelex Xobeh.
  1759 | D:3      | Reached XP level 4. HP: 29/29 MP: 4/4
  1890 | D:3      | Found a glowing golden altar of the Shining One.
  1941 | D:3      | Noticed Grinder
  1943 | D:3      | Found a transporter.
  1951 | D:3      | Killed Grinder
  1952 | D:3      | Reached XP level 5. HP: 30/33 MP: 5/5
  1952 | D:3      | Reached XP level 6. HP: 35/38 MP: 6/6
  2036 | D:3      | Found a transporter.
  2217 | D:3      | Identified the +11 mace of Intuition {venom, Drain rC-
                  | Will+++ Int+6}
  2285 | D:3      | Found a burning altar of Makhleb.
  2285 | D:3      | Found a basalt altar of Yredelemnul.
  2435 | D:4      | Reached skill level 5 in Axes
  2437 | D:4      | Reached XP level 7. HP: 7/43 MP: 7/7
  2790 | D:4      | Found a snail-covered altar of Cheibriados.
  2852 | D:4      | Found Wetonk's Armour Boutique.
  2971 | D:4      | Found an opulent altar of Gozag.
  3175 | D:4      | Found a staircase to the Ecumenical Temple.
  3383 | D:5      | Entered Level 5 of the Dungeon
  3403 | D:5      | Reached skill level 5 in Armour
  3406 | D:5      | Killed from afar by an orc priest

Illustrated notes

Levels and vault maps discovered:
D:1:      wheals_arrival_shading, layout_basic
D:2:      layout_basic
D:3:      gammafunk_wand_slinger, layout_basic, tso_metal_star,
          gammafunk_temple_overflow_pools, nemelex_xobeh_ov_fountains_minmay,
          kennysheep_generic_room_12, uniq_grinder
D:4:      layout_loops_ring, mainiacjoe_overflow_boulevard, cheibriados_altar_1,
          minmay_temple_entry_glassed_door, serial_shops,
          nicolae_shop_waterfront, minmay_pentomino_pile
D:5:      layout_loops_ring, kennysheep_cross_room, st_stairs_4

Skill      XL: |  1  2  3  4  5  6  7 |
---------------+----------------------+-----
Axes           | 2 4 5 |  5.6
Armour         | 4 5 |  5.1
Fighting       | 4 |  4.3
Shields        | 4 |  4.4
Stealth        | |  0.7

Action                     |  1- 3 |  4- 6 |  7- 9 || total
---------------------------+-------+-------+-------++-------
  Melee: War axe           |    87 |    79 |    69 ||   235
    Use: Scroll            |     4 |     2 |     1 ||     7
 Armour: Scale mail        |    26 |       |       ||    26
         Chain mail        |    24 |    44 |    50 ||   118
  Dodge: Dodged            |    44 |    24 |    17 ||    85
  Block: Buckler           |    19 |    12 |    16 ||    47

Table legend: (Time is in decaauts)
 A = Elapsed time spent in this place.
 B = Non-inter-level travel time spent in this place.
 C = Inter-level travel time spent in this place.
 D = Time resting spent in this place.
 E = Time spent auto-exploring this place.
 F = Levels seen in this place.
 G = Mean time per level.
                   A        B        C        D        E       F      G
               +--------+--------+--------+--------+--------+-----+--------+
         Total |   3491 |   3441 |     50 |    206 |   2502 |   5 |  698.2 |
       Dungeon |   3491 |   3441 |     50 |    206 |   2502 |   5 |  698.2 |
               +--------+--------+--------+--------+--------+-----+--------+

Top non-repeatable levels by time:
     D:4: 1013 daAuts
     D:2: 904 daAuts
     D:3: 786 daAuts
     D:1: 763 daAuts
     D:5: 23 daAuts
